AoeStats
← Tz.zT

Arena

509739092Analyzed
4v4 RM · 4d ago on Sep 27, 2026· 45m 40s· 8 players
Game mode
Random Map
Map size
Large (8 player)
Population
200
Speed
Normal
Resources
Standard
Victory
Conquest
Starting age
Dark Age
Ending age
Imperial Age
RankedLock teamsTeams togetherTeam positionsShared explorationLock speedFull tech treeHidden civsTurbo modeCheats
Victory
Defeat
🇻🇪 Chinese · Venezuela
1517
+7
🇨🇴 Slavs · Colombia
1339
+13
🇨🇱 Celts · Chile
1228
+17
🇻🇪 Khmer · Venezuela
1195
+18
🇨🇳 Spanish · China
1290
-15
🇩🇪 Saxons · Germany
1265
-14
1256
-13
🇮🇳 Mongols · India
1245
-13
BondTrustee
11:04 Feudal Age
12:10 Double-Bit Axe
14:48 Castle Age
14:15 Horse Collar
15:59 Bow Saw
16:13 Scale Mail Armor
19:00 Forging
19:13 Chain Mail Armor
21:36 Wheelbarrow
21:08 Squires
20:55 Gambesons
21:44 Heavy Plow
24:05 Forging
24:54 Gold Mining
26:45 Fletching
26:39 Pikeman
28:23 Bodkin Arrow
33:47 Arson
34:19 Town Watch
36:39 Hand Cart
36:09 Loom
36:25 Town Patrol
37:01 Iron Casting
37:11 Stone Mining
39:59 Padded Archer Armor
42:45 Imperial Age
39:40 Pikeman
40:11 Elite Skirmisher
41:11 Leather Archer Armor
41:06 Guard Tower
タタールが村に入った5番
10:58 Feudal Age
14:46 Castle Age
13:15 Loom
14:24 Double-Bit Axe
14:49 Light Cavalry
17:07 Bow Saw
23:07 Horse Collar
24:15 Wheelbarrow
24:51 Scale Barding Armor
24:57 Forging
24:48 Husbandry
29:25 Imperial Age
28:50 Chain Barding Armor
29:48 Heavy Camel Rider
30:39 Bloodlines
31:17 Iron Casting
31:24 Elite Steppe Lancer
36:34 Plate Barding Armor
Tz.zT
10:20 Feudal Age
14:11 Castle Age
12:55 Double-Bit Axe
13:41 Horse Collar
15:16 Bow Saw
15:02 Loom
20:47 Gold Mining
21:46 Padded Archer Armor
27:20 Bloodlines
28:15 Husbandry
28:54 Leather Archer Armor
30:16 Wheelbarrow
29:29 Town Watch
34:32 Imperial Age
32:18 Hand Cart
32:07 Stone Mining
35:17 Heavy Plow
36:20 Two-Man Saw
35:49 Inquisition
37:10 Block Printing
41:19 Scale Barding Armor
41:25 Forging
43:47 Light Cavalry
44:56 Chain Barding Armor
45:12 Iron Casting
Madman
10:19 Feudal Age
11:49 Horse Collar
11:56 Double-Bit Axe
14:38 Castle Age
14:31 Stone Mining
16:40 Heavy Plow
22:00 Wheelbarrow
22:03 Bow Saw
23:17 Gold Mining
24:30 Hand Cart
29:06 Imperial Age
26:27 Loom
26:28 Town Watch
27:28 Gold Shaft Mining
26:50 Fletching
28:05 Bodkin Arrow
28:10 Padded Archer Armor
29:01 Town Patrol
29:52 Leather Archer Armor
29:48 Forging
29:43 Scale Barding Armor
29:12 Elite Mangudai
30:13 Conscription
30:58 Thumb Ring
31:18 Parthian Tactics
30:55 Bracer
31:58 Chemistry
31:16 Bloodlines
31:14 Husbandry
31:22 Heavy Camel Rider
32:29 Ballistics
34:36 Chain Barding Armor
34:08 Light Cavalry
37:43 Iron Casting
36:31 Hussar
38:18 Stone Shaft Mining
42:31 Blast Furnace
41:19 Capped Ram
42:22 Drill
42:43 Siege Ram
No le den a mi mujer
0:25 Loom
10:30 Feudal Age
14:31 Castle Age
13:15 Double-Bit Axe
13:11 Horse Collar
21:52 Ballistics
27:49 Wheelbarrow
33:49 Imperial Age
32:02 Bow Saw
31:46 Gold Mining
32:31 Fletching
32:53 Fortified Wall
32:49 Heavy Plow
32:59 Bow Saw
33:29 Gold Shaft Mining
33:11 Padded Archer Armor
33:43 Hand Cart
34:32 Bodkin Arrow
34:52 Thumb Ring
35:48 Chemistry
35:26 Conscription
36:11 Bracer
36:45 Town Watch
37:28 Leather Archer Armor
38:58 Ring Archer Armor
38:22 Crossbowman
39:19 Arbalester
40:44 Scale Mail Armor
40:55 Forging
42:41 Chain Mail Armor
43:01 Iron Casting
42:19 Stone Mining
44:02 Two-Man Saw
43:38 Stone Shaft Mining
RafaMath
10:42 Feudal Age
12:21 Wheelbarrow
16:10 Castle Age
15:12 Double-Bit Axe
15:31 Loom
16:53 Town Watch
23:59 Horse Collar
24:34 Bow Saw
31:01 Imperial Age
29:45 Hand Cart
32:54 Scale Barding Armor
33:21 Furor Celtica
33:59 Gambesons
33:35 Pikeman
36:44 Conscription
37:38 Chemistry
40:01 Forging
39:51 Scale Mail Armor
40:17 Fletching
40:45 Halberdier
41:49 Chain Mail Armor
43:31 Heavy Scorpion
tat0
9:30 Feudal Age
14:47 Castle Age
12:46 Double-Bit Axe
13:45 Horse Collar
15:42 Bow Saw
16:22 Wheelbarrow
19:58 Scale Barding Armor
21:23 Bloodlines
22:17 Husbandry
22:51 Loom
23:28 Hand Cart
23:47 Gold Mining
24:57 Chain Barding Armor
26:26 Forging
26:52 Gold Shaft Mining
26:18 Heavy Plow
27:54 Stone Mining
27:40 Light Cavalry
33:04 Imperial Age
31:18 Iron Casting
31:08 Scale Mail Armor
30:29 Pikeman
31:34 Squires
33:10 Chain Mail Armor
33:45 Druzhina
33:10 Halberdier
33:52 Squires
35:22 Blast Furnace
34:53 Plate Mail Armor
35:24 Two-Man Saw
34:48 Town Watch
35:26 Conscription
35:41 Crop Rotation
36:07 Detinets
37:04 Fletching
38:19 Bodkin Arrow
38:45 Ballistics
40:27 Chemistry
39:34 Capped Ram
40:53 Plate Barding Armor
41:37 Siege Engineers
42:39 Masonry
42:28 Siege Ram
43:20 Town Patrol
LeCoque
10:57 Feudal Age
14:29 Castle Age
13:20 Double-Bit Axe
19:25 Loom
22:09 Wheelbarrow
21:33 Town Watch
28:24 Imperial Age
27:04 Bloodlines
27:05 Husbandry
29:51 Elite Battle Elephant
33:34 Scale Barding Armor
33:40 Forging
36:41 Heavy Scorpion
40:59 Light Cavalry
43:20 Tusk Swords
45:59 Chain Barding Armor
Connection lost

Rejoining the realm…

Still unreachable

The connection could not be restored.

Session expired

The server has moved on; the page needs a fresh start.